AoeStats
← danjo

Highland

506844749Analyzed
4v4 RM · 17d ago on Sep 15, 2026· 44m 47s· 8 players
Game mode
Random Map
Map size
Large (8 player)
Population
200
Speed
Normal
Resources
Standard
Victory
Conquest
Starting age
Dark Age
Ending age
Imperial Age
RankedLock teamsTeams togetherTeam positionsShared explorationLock speedFull tech treeHidden civsTurbo modeCheats
Victory
Defeat
🇺🇸 Sicilians · United States
1091
+16
🇩🇪 Huns · Germany
1081
+16
🇵🇹 Vietnamese · Portugal
1081
+16
🇦🇷 Franks · Argentina
1062
+17
🇨🇳 Teutons · China
1124
-17
🇩🇪 Saracens · Germany
1119
-18
🇧🇷 Khmer · Brazil
1058
-15
🇨🇳 Aztecs · China
1056
-15
Blake Beartles
3:45 Loom
10:51 Feudal Age
16:55 Castle Age
16:29 Stone Mining
16:46 Man-at-Arms
17:20 Double-Bit Axe
17:24 Horse Collar
21:14 Heavy Plow
24:38 Bow Saw
24:54 Long Swordsman
26:25 Gambesons
26:40 Squires
26:27 Arson
27:48 Gold Mining
28:44 Wheelbarrow
28:05 Pikeman
29:30 Forging
30:39 Gold Shaft Mining
30:42 Stone Shaft Mining
34:54 Imperial Age
32:43 Hand Cart
36:18 Crop Rotation
35:23 Two-Handed Swordsman
36:42 Iron Casting
37:06 Conscription
37:06 Scale Mail Armor
37:51 Champion
39:25 Capped Ram
41:52 Blast Furnace
41:07 Chain Mail Armor
43:11 Plate Mail Armor
44:22 Halberdier
danjo
10:45 Feudal Age
15:35 Castle Age
25:02 Padded Archer Armor
26:15 Leather Archer Armor
26:10 Forging
30:06 Ballistics
31:02 Iron Casting
30:18 Fletching
32:14 Thumb Ring
34:56 Double-Bit Axe
38:33 Imperial Age
35:50 Loom
36:35 Husbandry
36:46 Bloodlines
40:15 Conscription
42:58 Horse Collar
Zé Gui
9:48 Loom
12:45 Feudal Age
13:18 Double-Bit Axe
13:53 Gold Mining
15:41 Fletching
16:32 Padded Archer Armor
20:51 Wheelbarrow
23:26 Castle Age
23:45 Crossbowman
24:30 Bodkin Arrow
25:21 Thumb Ring
28:17 Hand Cart
28:09 Elite Skirmisher
32:03 Horse Collar
39:14 Imperial Age
37:03 Leather Archer Armor
38:18 Stone Mining
39:28 Capped Ram
39:52 Arbalester
39:52 Imperial Skirmisher
40:51 Bracer
41:21 Ring Archer Armor
42:37 Ballistics
43:18 Chemistry
KZA
6:35 Loom
9:54 Feudal Age
10:48 Double-Bit Axe
17:28 Castle Age
27:08 Scale Barding Armor
27:14 Forging
27:09 Scale Barding Armor
27:14 Forging
29:15 Chain Barding Armor
29:06 Forging
32:21 Forging
32:36 Husbandry
33:37 Iron Casting
34:47 Husbandry
36:08 Wheelbarrow
39:30 Imperial Age
37:46 Fletching
39:34 Cavalier
taiwan180
11:06 Feudal Age
11:18 Loom
14:07 Castle Age
12:31 Double-Bit Axe
12:41 Horse Collar
15:02 Bow Saw
17:31 Heavy Plow
24:03 Wheelbarrow
23:43 Gold Mining
24:08 Scale Barding Armor
25:40 Bloodlines
25:46 Forging
27:40 Chain Barding Armor
29:44 Gold Shaft Mining
31:28 Scale Mail Armor
32:16 Pikeman
34:21 Stone Mining
35:16 Arson
35:48 Chain Mail Armor
36:57 Hand Cart
36:28 Town Watch
37:23 Stone Shaft Mining
38:10 Light Cavalry
44:12 Imperial Age
43:12 Iron Casting
42:35 Murder Holes
43:36 Husbandry
44:17 Heavy Scorpion
44:59 Double Crossbow
45:20 Conscription
44:40 Halberdier
强悍小牛牛
12:06 Feudal Age
13:38 Double-Bit Axe
13:55 Loom
14:41 Fishing Lines
19:48 Stone Mining
22:41 Castle Age
21:44 Gold Mining
25:06 Bow Saw
24:57 Gillnets
27:02 Wheelbarrow
27:16 Atlatl
27:08 Town Watch
27:54 Fletching
28:34 Hand Cart
28:22 Horse Collar
29:03 Squires
31:37 Heavy Plow
31:57 Elite Skirmisher
40:35 Imperial Age
38:19 Pikeman
zhenyy
11:53 Feudal Age
15:29 Castle Age
13:28 Double-Bit Axe
13:30 Horse Collar
16:46 Bow Saw
21:24 Fervor
22:18 Gold Mining
22:18 Stone Mining
25:27 Wheelbarrow
24:38 Town Watch
24:38 Loom
26:07 Bloodlines
29:00 Fletching
29:10 Padded Archer Armor
29:49 Bodkin Arrow
30:06 Forging
29:56 Scale Mail Armor
31:37 Hand Cart
31:13 Elite Skirmisher
35:19 Ballistics
34:36 Pikeman
38:33 Imperial Age
36:36 Leather Archer Armor
36:55 Heavy Plow
39:12 Squires
39:45 Conscription
38:50 Halberdier
39:50 Chain Mail Armor
40:06 Ring Archer Armor
40:26 Halberdier
43:40 Plate Mail Armor
43:46 Iron Casting
tzsmwwl
13:31 Feudal Age
17:45 Castle Age
16:18 Double-Bit Axe
16:45 Horse Collar
20:38 Fletching
31:50 Bodkin Arrow
37:25 Imperial Age
36:27 Bloodlines
36:18 Husbandry
37:37 Scale Barding Armor
37:43 Forging
37:24 Light Cavalry
Connection lost

Rejoining the realm…

Still unreachable

The connection could not be restored.

Session expired

The server has moved on; the page needs a fresh start.